 Dungeon Crawl Stone Soup version 0.16-a0-4088-g7c8221e (webtiles) character file.

58 PolkaDot the Vexing (level 3, -2/24 HPs)
             Began as a Vampire Enchanter on Feb 23, 2015.
             Slain by a gnoll
             ... wielding a +0 spear
              (5 damage)
             ... on level 2 of the Dungeon.
             The game lasted 00:04:54 (1475 turns).

PolkaDot the Vexing (Vampire Enchanter)             Turns: 1475, Time: 00:04:54

Health: -2/24      AC:  4    Str:  7    XL:     3   Next: 76%
Magic:  0/6        EV: 12    Int: 18    God:
Gold:   25         SH:  0    Dex: 14    Spells: 3 memorised, 0 levels left

rFire  . . .     SeeInvis +     a - +1 dagger
rCold  + + .     Clarity  .     b - +1 robe
rNeg   + + +     SustAb   .     (no shield)
rPois  +         Gourm    .     e - +0 helmet
rElec  .         Spirit   .     (no cloak)
rCorr  .         Warding  .     (no gloves)
rMut   .         Stasis   .     (no boots)
MR     .....                    (no amulet)
Stlth  +++.......               (no ring)
                                (no ring)

@: regenerating slowly, not resistant to hostile enchantments, fairly stealthy
A: bottle blood, fangs 3, see invisible, spit poison 1, unbreathing
a: Spit Poison, Bat Form


You were on level 2 of the Dungeon.
You were near bloodless.

You visited 1 branch of the dungeon, and saw 2 of its levels.

You collected 25 gold pieces.

Inventory:

Hand weapons
 a - a +1 dagger (weapon)
Armour
 b - a +1 robe (worn)
 e - a +0 helmet (worn)
Jewellery
 h - an uncursed amulet of stasis {unknown}
 i - an uncursed ring of teleport control {unknown}
Scrolls
 f - 4 scrolls of identify {unknown}
 g - a scroll of immolation {unknown}
Potions
 d - a potion of blood {@*1}
Books
 c - a book of Maledictions

   Spells                             Type                      Level
   a - Corona                         Hexes                        1
   b - Sure Blade                     Hexes/Charms                 2
   c - Ensorcelled Hibernation        Hexes/Ice                    2
   d - Confuse                        Hexes                        3
   e - Dazzling Spray                 Conjuration/Hexes            3
   f - Enslavement                    Hexes                        4


   Skills:
 - Level 1.7 Short Blades
 - Level 2.1 Dodging
 - Level 4.9 Stealth
 - Level 2.0 Spellcasting
 - Level 5.4 Hexes
 + Level 1.9 Ice Magic


You couldn't memorise any spells.
You knew the following spells:

 Your Spells              Type           Power        Failure   Level  Hunger
a - Corona                Hex            ###....      1%          1    #......
c - Confuse               Hex            ###.....     10%         3    ###....
d - Ensorcelled Hibernat  Hex/Ice        ###...       8%          2    ###....


Dungeon Overview and Level Annotations

Branches:
Dungeon (2/15)

Altars:


Innate Abilities, Weirdness & Mutations

You heal slowly.
You can bottle blood from corpses.
You have razor-sharp teeth.
You have supernaturally acute eyesight.
You can survive without breathing.
You can spit poison.


Message History

The gnoll closely misses you.
Things that are here:
a club; a hobgoblin corpse You hit the gnoll.
The gnoll is moderately wounded.
You hit the gnoll.
The gnoll is heavily wounded.
The gnoll hits you with a spear.
* * * LOW HITPOINT WARNING * * *
Casting: Ensorcelled Hibernation
Confirm with . or Enter, or press ? or * to list all spells.
Aiming: Ensorcelled Hibernation
Press: ? - help, Shift-Dir - straight line, f/p - gnoll
Aim: a gnoll, wielding a spear (heavily wounded, chance 54%)
The gnoll resists with significant effort.
* * * LOW MAGIC WARNING * * *
The gnoll hits you with a spear!
* * * LOW HITPOINT WARNING * * *
The gnoll hits you from afar with a spear.
You die...

######## #####
##..>....# #<..#
#......... #)..#
#....... #...#
###......## #...#
..........########...##
#..(.....).g)@..†...#
.###....)..######.#....#
.........#.# #..#....##
...#......g# ##....[...#
#.......# #.........# .
#.....#.####.#.......#
..
#.....#...#....###..##
...#.....#......### #..#
...$...###..†...# #..#


You could see a gnoll.

Vanquished Creatures
  2 gnolls (D:2)
  A worm (D:2)
  A giant gecko (D:1)
  4 bats
  A goblin (D:1)
  7 hobgoblins
  3 jackals (D:1)
  3 kobolds (D:1)
  A ball python (D:1)
  2 giant cockroaches
  2 giant newts
  4 rats
31 creatures vanquished.

Notes
Turn   | Place    | Note
--------------------------------------------------------------
     0 | D:1      | PolkaDot, the Vampire Enchanter, began the quest for the Orb.
     0 | D:1      | Reached XP level 1. HP: 13/13 MP: 3/3
    87 | D:1      | Gained mutation: You can spit poison. [potion of beneficial mutation]
   111 | D:1      | Reached XP level 2. HP: 7/19 MP: 1/4
   385 | D:1      | Reached skill level 5 in Hexes
   758 | D:1      | Learned a level 2 spell: Ensorcelled Hibernation
   915 | D:2      | Reached XP level 3. HP: 18/24 MP: 1/6
  1293 | D:2      | Learned a level 3 spell: Confuse
  1414 | D:2      | Reached skill level 1 in Ice Magic
  1475 | D:2      | Slain by a gnoll

Action                   || total
-------------------------++-------
Melee: Dagger            ||    85
 Cast: Corona            ||     3
       Ensorcelled Hiber ||    15
 Abil: Spit Poison       ||     8
  Use: Potion            ||     1
 Stab: Sleeping          ||    11
